 Seeded DCSS version 0.28-a0-1080-g05a166d0ed (webtiles) character file.

Game seed: 353017334657757 (custom seed)

4016 ZenithNebula the Summoner (level 10, -2/60 HPs)
             Began as an Octopode Summoner on Dec 9, 2021.
             Was an Elder of Sif Muna.
             Slain by a two-headed ogre (22 damage)
             ... on level 9 of the Dungeon on Dec 10, 2021.
             The game lasted 01:49:28 (7222 turns).

ZenithNebula the Summoner (Octopode Summoner)       Turns: 7222, Time: 01:49:29

Health: -2/60      AC:  2    Str: 15    XL:     10   Next: 23%
Magic:  5/17       EV: 20    Int: 21    God:    Sif Muna [****..]
Gold:   515        SH:  0    Dex: 18    Spells: 7/18 levels left

rFire   . . .      SeeInvis +   q - +8 battleaxe
rCold   . . .      Faith    .   (shield currently unavailable)
rNeg    . . .      Spirit   .   h - +1 hat
rPois   +          Reflect  .   e - amulet of regeneration
rElec   .          Harm     .   t - ring "Pil Yschu" {Will+ Dex+6}
rCorr   .          Rampage  .   x - +4 ring of evasion
Will    +....                   L - ring of wizardry
Stlth   +++++.....              V - +6 ring of strength
HPRegen 1.00/turn               W - ring of poison resistance
MPRegen 0.15/turn               Z - ring of see invisible
                                J - ring of flight
                                (no ring)

@: flying
A: almost no armour, amphibious, 8 rings, camouflage 1, gelatinous body 1,
(nimble swimmer 1), tentacles
a: Renounce Religion, Channel Magic, Forget Spell, Divine Exegesis


You were on level 9 of the Dungeon.
You worshipped Sif Muna.
Sif Muna was greatly pleased with you.
You visited 2 branches of the dungeon, and saw 10 of its levels.

You collected 515 gold pieces.

Inventory:

Hand Weapons
 a - a +2 hand axe of freezing
 c - a +1 rapier of freezing
 d - a +0 giant spiked club {a}
 g - a +0 dagger of protection
 p - a +1 hunting sling of flaming
 q - a +8 battleaxe (weapon)
 s - a +4 falchion
 u - a +0 halberd
 M - a +0 short sword of venom
 O - a +1 vampiric short sword
 Q - a +2 short sword of electrocution
Missiles
 j - 60 sling bullets
 l - 72 bolts
 w - 201 arrows
 C - 275 stones
 U - 2 throwing nets
Armour
 h - a +1 hat (worn)
 S - a +0 kite shield
 Y - a +1 leather armour of willpower
Magical Staves
 F - a staff of fire
Jewellery
 e - an amulet of regeneration (around mantle)
 t - the ring "Pil Yschu" (left tentacle) {Will+ Dex+6}
   (You acquired it on level 2 of the Dungeon)

   [ring of willpower]

   Dex:       It affects your dexterity (+6).
   Will:      It increases your willpower.
 x - a +4 ring of evasion (right tentacle)
 B - an amulet of faith
 J - a ring of flight (on tentacle)
 L - a ring of wizardry (on tentacle)
 P - an amulet of faith
 V - a +6 ring of strength (on tentacle)
 W - a ring of poison resistance (on tentacle)
 Z - a ring of see invisible (on tentacle)
Wands
 n - a wand of iceblast (15)
 y - a wand of mindburst (15)
 D - a wand of paralysis (2)
 I - a wand of acid (4)
Scrolls
 m - a scroll of silence
 v - 2 scrolls of enchant weapon
 E - 2 scrolls of vulnerability
 G - 2 scrolls of teleportation
 H - a scroll of identify
 T - 3 scrolls of magic mapping
Potions
 b - 3 potions of lignification
 f - a potion of magic {unknown}
 i - 3 potions of curing
 k - a potion of cancellation {unknown}
 o - a potion of mutation {unknown}
 r - 2 potions of heal wounds
 z - a potion of brilliance {unknown}
 A - 3 potions of degeneration
 N - a potion of might {unknown}
 R - a potion of haste {unknown}
 X - 2 potions of flight
Miscellaneous
 K - a condenser vane (inert)


   Skills:
 - Level 2.0 Fighting
 - Level 2.0 Short Blades
 - Level 0.3(1.2) Long Blades
 + Level 5.3 Axes
 - Level 5.7 Dodging
 + Level 7.4 Stealth
 - Level 4.7 Spellcasting
 * Level 8.9 Summonings
 - Level 3.3 Necromancy
 - Level 4.0 Poison Magic
 * Level 2.0 Evocations


You had 7 spell levels left.
You knew the following spells:

 Your Spells              Type           Power      Damage    Failure   Level
a - Summon Small Mammal   Summ           100%       N/A       1%          1
b - Summon Guardian Gole  Hex/Summ       23%        N/A       2%          3
c - Call Canine Familiar  Summ           42%        N/A       1%          3
d - Summon Lightning Spi  Summ/Air       23%        N/A       8%          4

Your spell library contained the following spells:

 Spells                   Type           Power      Damage    Failure   Level
 Animate Skeleton         Necr           36%        N/A       1%          1
 Pain                     Necr           72%        1d7       1%          1
 Call Imp                 Summ           42%        N/A       1%          2
 Vampiric Draining        Necr           18%        2d7       3%          3
 Blink                    Tloc           8%         N/A       7%          2
 Lesser Beckoning         Tloc           4%         N/A       13%         3
 Summon Cactus Giant      Summ           21%        N/A       17%         6
 Summon Forest            Summ/Tloc      11%        N/A       21%         5
 Summon Mana Viper        Hex/Summ       23%        N/A       21%         5
 Manifold Assault         Tloc           4%         N/A       73%         5


Dungeon Overview and Level Annotations

Branches:
Dungeon (9/15)             Temple (0/1) D:7             Orc (1/2) D:9
   Lair: D:8-11

Altars:
Sif Muna
Trog

Shops:
D:5 *


Innate Abilities, Weirdness & Mutations

You cannot wear most types of armour.
You are amphibious.
You can wear up to eight rings at the same time.
Your skin changes colour to match your surroundings (Stealth+).
Your rubbery body absorbs attacks. (AC +1, EV +1)
((You are camouflaged near water. (Stealth+)))
You have tentacles for arms and can constrict up to eight enemies at once.


Message History

The bolt of electricity hits the two-headed ogre!
You slash the orc!
You kill the orc!
Sif Muna accepts your kill.
A troll comes into view.
Your lightning spire shoots out a bolt of lightning at the two-headed ogre!
The bolt of electricity hits the two-headed ogre!
The troll moves out of view.
Your Evocations skill increases to level 2!
Search for what [? for help]?
Okay, then.
Okay, then.
Are you sure you want to abandon this character and quit the game? (Confirm with "yes".)
Okay, then.
Casting: Call Canine Familiar (safe; 1% risk of failure)
Press: ? - help, Q - select action, (/) - cycle Dir - look around, f - activate Your lightning spire shoots out a bolt of lightning at the two-headed ogre!
The bolt of electricity hits the two-headed ogre! x2
The two-headed ogre hits your lightning spire with a +0 giant club!!
Your lightning spire is destroyed!
Your lightning spire disappears in a puff of smoke!
An orc warrior comes into view. It is wielding a +0 battleaxe.
An orc warrior comes into view. It is wielding a +0 short sword.
The two-headed ogre hits you with a +0 giant club!!
The two-headed ogre misses you.
You swap places.
Your wolf bites the two-headed ogre but does no damage.
Your wolf bites the two-headed ogre.
Your wolf bites the two-headed ogre.
Your wolf barely misses the two-headed ogre.
There is a staircase back to the Dungeon here.
Your wolf bites the two-headed ogre but does no damage.
The two-headed ogre hits your wolf with a +0 giant club!!
Your wolf dies!
Your wolf's corpse disappears in a puff of smoke!
The two-headed ogre shouts in stereo!
You fly upwards.
Welcome back to the Dungeon!
There is a staircase to the Orcish Mines here.
The two-headed ogre hits you with a +0 giant club!! x2
You die...

............<..#
...............#
...............#
...............#
################
.###8###8###8#######
..#...#...#...#.≈§§#
..............#..§§#
).............'.@>≈#
..............#.O≈≈#
..#...#)..#...#.≈≈≈#
8###.###8###.#######
## ### ### ###


You could see a two-headed ogre.

Vanquished Creatures
  2 yaks (D:9)
  3 orc warriors
  3 ice beasts
  A necrophage (D:6)
  A sky beast (D:6)
  A centaur (D:9)
  A phantom (D:7)
  A kobold brigand (D:6)
  2 bullfrogs
  2 wights (D:6)
  An electric eel (D:9)
  2 howler monkeys (D:8)
  A centaur zombie (D:8)
  A hound (D:4)
  2 gnoll shamans
  2 orc priests (D:7)
  A centaur skeleton (D:5)
  Ijyb (D:3)
  7 orc wizards
  2 iguanas (D:4)
  2 hound skeletons (D:4)
  2 howler monkey zombies
  6 gnolls
  5 adders
  A shadow imp (D:6)
  An ufetubus (D:5)
  3 worms (D:4)
  2 dart slugs
  24 orcs
  2 endoplasms (D:1)
  2 giant cockroaches
  6 goblins
  7 hobgoblins
  7 kobolds
  2 quokkas (D:1)
  4 ball pythons
  4 bats
  4 frilled lizards
  3 rats
124 creatures vanquished.

Vanquished Creatures (collateral kills)
  A yak (D:9)
  Eustachio (D:6)
  4 orc warriors
  2 ogres
  2 centaurs
  A kobold brigand (D:9)
  A bullfrog (D:7)
  2 howler monkeys (D:8)
  A bullfrog zombie (D:7)
  3 orc priests
  A centaur skeleton (D:7)
  4 orc wizards
  2 gnolls (D:4)
  A worm (D:3)
  A dart slug (D:1)
  27 orcs
  2 ball pythons
  2 endoplasms (D:2)
  2 giant cockroaches
  4 goblins
  2 hobgoblins
  A bat (D:2)
  A frilled lizard (D:1)
  10 kobolds
78 creatures vanquished.

Vanquished Creatures (others)
  An orc warrior (D:9)
  3 wights (D:6)
  An orc (D:9)
5 creatures vanquished.

Grand Total: 207 creatures vanquished

Notes
Turn   | Place    | Note
-------+----------+-------------------------------------------
     0 | D:1      | ZenithNebula the Octopode Summoner began the quest for the
                  | Orb.
     0 | D:1      | Reached XP level 1. HP: 11/11 MP: 3/3
   121 | D:1      | Reached XP level 2. HP: 14/17 MP: 3/5
   569 | D:1      | Reached XP level 3. HP: 15/21 MP: 3/6
  1149 | D:2      | Identified a scroll of acquirement
  1149 | D:2      | Acquired the ring "Pil Yschu" {Will+ Dex+6}
  1461 | D:2      | Reached XP level 4. HP: 27/27 MP: 4/7
  1529 | D:2      | Reached skill level 1 in Fighting
  1623 | D:3      | Noticed Ijyb
  1630 | D:3      | Paralysed by Ijyb for 2 turns
  1649 | D:3      | Killed Ijyb
  1856 | D:3      | Found a faded altar of an unknown god.
  1867 | D:3      | Prayed at the altar of an unknown god.
  1867 | D:3      | Became a worshipper of Sif Muna the Loreminder
  1867 | D:3      | Reached * piety under Sif Muna
  2137 | D:4      | Reached XP level 5. HP: 33/33 MP: 7/9
  2147 | D:4      | Reached skill level 5 in Summonings
  2152 | D:4      | Noticed an ogre
  2165 | D:4      | Killed an ogre
  2166 | D:4      | Reached skill level 1 in Axes
  2166 | D:4      | Reached XP level 6. HP: 39/39 MP: 8/10
  2446 | D:4      | Reached skill level 1 in Short Blades
  2665 | D:4      | Reached XP level 7. HP: 41/45 MP: 8/12
  2670 | D:4      | Found a shimmering blue altar of Sif Muna.
  2899 | D:5      | Entered Level 5 of the Dungeon
  2899 | D:5      | Found Woton's General Store.
  3041 | D:5      | HP: 2/45 [ice beast (13)]
  3052 | D:5      | Reached ** piety under Sif Muna
  3053 | D:5      | Reached skill level 5 in Stealth
  3142 | D:5      | Reached skill level 1 in Poison Magic
  3380 | D:6      | Noticed Eustachio
  3382 | D:6      | Reached skill level 1 in Necromancy
  3501 | D:6      | Reached skill level 6 in Summonings
  3527 | D:6      | Reached XP level 8. HP: 50/50 MP: 13/13
  3752 | D:7      | Learned a level 3 spell: Summon Guardian Golem
  3756 | D:7      | Learned a level 3 spell: Call Canine Familiar
  3762 | D:7      | Found a staircase to the Ecumenical Temple.
  4150 | D:6      | Killed Eustachio
  4289 | D:6      | Reached *** piety under Sif Muna
  4526 | D:6      | Reached XP level 9. HP: 54/54 MP: 9/15
  5181 | D:7      | Reached skill level 7 in Summonings
  5830 | D:8      | Learned a level 4 spell: Summon Lightning Spire
  6005 | D:8      | Reached skill level 5 in Dodging
  6027 | D:8      | Found a bloodstained altar of Trog.
  6404 | D:8      | Reached skill level 8 in Summonings
  6917 | D:9      | Reached XP level 10. HP: 60/60 MP: 6/17
  6924 | D:9      | Reached skill level 5 in Axes
  7078 | D:9      | Reached skill level 1 in Evocations
  7107 | D:9      | Reached **** piety under Sif Muna
  7191 | D:9      | Found a staircase to the Orcish Mines.
  7207 | Orc:1    | Entered Level 1 of the Orcish Mines
  7209 | Orc:1    | Noticed a two-headed ogre
  7222 | D:9      | Slain by a two-headed ogre

Illustrated notes

Levels and vault maps discovered:
D:1:      lightli_arrival_boilingwater, layout_basic, eino_curves_02,
          st_stairs_10
D:2:      layout_basic, solitary_fountain
D:3:      layout_rooms, dreamdust_ecumenical_altar_statues, uniq_ijyb
D:4:      layout_cave_pools, nicolae_sif_muna_condensation
D:5:      layout_cave_pools, serial_shops, shop
D:6:      layout_loops_ring, uniq_eustachio
D:7:      layout_basic, minmay_temple_entry_sparse_star, grunt_ministairs_9
D:8:      layout_basic, mainiacjoe_overflow_cross_hatched,
          minmay_misc_feat_ornament
D:9:      statuecave_lemuel, layout_small_grid, erik_lair_dragon, david_orc_4,
          ebering_dispersal_statue_hall
Orc:1:    layout_caves, nicolae_shop_firing_range

Skill      XL: |  1  2  3  4  5  6  7  8  9 10 |
---------------+-------------------------------+-----
Stealth        | 3 4 5 6 7 |  7.4
Fighting       | 1 2 |  2.0
Summonings     | 5 6 8 |  8.9
Axes           | 1 4 5 |  5.3
Spellcasting   | 3 4 |  4.7
Short Blades   | 1 2 |  2.0
Poison Magic   | 2 3 4 |  4.0
Necromancy     | 1 3 |  3.3
Dodging        | 3 4 5 |  5.7
Evocations     | 2 |  2.0
Long Blades    | |  0.3

Action                   |  1- 3 |  4- 6 |  7- 9 | 10-12 || total
-------------------------+-------+-------+-------+-------++-------
Melee: Hand axe          |    60 |    13 |       |       ||    73
       Constrict         |    17 |    25 |    38 |     2 ||    82
       Tentacles         |    10 |    24 |    46 |     4 ||    84
       Long sword        |       |    11 |       |       ||    11
       Short sword       |       |    74 |    27 |       ||   101
       Rapier            |       |       |    26 |       ||    26
       Dagger            |       |       |    76 |       ||    76
       Battleaxe         |       |       |    51 |     9 ||    60
 Cast: Summon Small Mamm |    44 |    49 |    73 |     2 ||   168
       Summon Guardian G |       |       |    12 |     1 ||    13
       Call Canine Famil |       |       |    13 |     2 ||    15
       Summon Lightning  |       |       |    10 |     8 ||    18
Invok: Channel Magic     |       |     1 |     3 |       ||     4
Evoke: Wand              |       |     1 |     1 |       ||     2
       Condenser vane    |       |       |       |     1 ||     1
  Use: Scroll            |     4 |     3 |     9 |       ||    16
       Potion            |     1 |       |     3 |       ||     4
 Stab: Sleeping          |     5 |     5 |     7 |       ||    17
       Distracted        |     1 |     2 |     3 |     1 ||     7
Armor: Skin              |     3 |     1 |    25 |       ||    29
Dodge: Dodged            |    47 |    77 |   203 |     5 ||   332

Table legend: (Time is in decaauts)
 A = Elapsed time spent in this place.
 B = Non-inter-level travel time spent in this place.
 C = Inter-level travel time spent in this place.
 D = Time resting spent in this place.
 E = Time spent auto-exploring this place.
 F = Levels seen in this place.
 G = Mean time per level.
                   A        B        C        D        E       F      G
               +--------+--------+--------+--------+--------+-----+--------+
         Total |   7278 |   5427 |   1851 |    170 |   3203 |  10 |  727.8 |
       Dungeon |   7264 |   5413 |   1851 |    170 |   3203 |   9 |  807.1 |
  Orcish Mines |     14 |     14 |      0 |      0 |      0 |   1 |   14.0 |
               +--------+--------+--------+--------+--------+-----+--------+

Top non-repeatable levels by time:
     D:7: 1309 daAuts
     D:6: 1128 daAuts
     D:1: 1033 daAuts
     D:8: 925 daAuts
     D:4: 773 daAuts
     D:2: 604 daAuts
     D:9: 562 daAuts
     D:3: 514 daAuts
     D:5: 412 daAuts
   Orc:1: 14 daAuts
